 Dungeon Crawl Stone Soup version 0.17-a0-1763-g847a857 (webtiles) character file.

157 kosy22 the Ruffian (level 5, -2/53 HPs)
             Began as a Troll Berserker on Sept 4, 2015.
             Was an Initiate of Okawaru.
             Slain by a polar bear (3 damage)
             ... created by the rage of Trog
             ... on level 3 of the Dungeon.
             The game lasted 00:11:03 (2107 turns).

kosy22 the Ruffian (Troll Berserker)                Turns: 2107, Time: 00:11:04

Health: -2/53      AC:  5    Str: 22 (26) XL:     5   Next: 15%
Magic:  1/1        EV: 10    Int: -2      God:    Okawaru [......]
Gold:   88         SH:  0    Dex:  9      Spells: 0 memorised, 4 levels left

rFire  . . .     SeeInvis .     g - +0 dagger (antimagic)
rCold  . . .     Clarity  .     a - +0 animal skin
rNeg   . . .     SustAt   .     (no shield)
rPois  .         Gourm    +     (helmet restricted)
rElec  .         Spirit   .     (no cloak)
rCorr  .         Warding  .     (gloves unavailable)
rMut   .         Stasis   .     (boots unavailable)
MR     .....                    c - amulet of faith
Stlth  ++........               b - -5 ring of intelligence (curse)
                                e - ring of stealth

@: confused, exhausted, slowed, lost intelligence, very slow, not resistant to
hostile enchantments, unstealthy
A: unfitting armour, claws 3, fast metabolism 3, gourmand, regeneration 2,
shaggy fur 1, tough skin 2
a: Renounce Religion


You were on level 3 of the Dungeon.
You worshipped Okawaru.
Okawaru was noncommittal.
You were not hungry.

You visited 1 branch of the dungeon, and saw 3 of its levels.

You collected 88 gold pieces.

Inventory:

Hand weapons
 g - a +0 antimagic dagger (weapon)
Armour
 a - a +0 animal skin (worn)
Jewellery
 b - a cursed -5 ring of intelligence (right claw)
 c - an amulet of faith (around neck)
 e - a ring of stealth (left claw)
Magical devices
 f - a wand of flame (15)
Scrolls
 h - a scroll of remove curse {unknown}


   Skills:
 + Level 3.4 Fighting
 + Level 0.1 Short Blades
 + Level 3.6 Dodging
 + Level 0.1 Stealth
 + Level 3.8 Unarmed Combat


You had 4 spell levels left.
You didn't know any spells.

Dungeon Overview and Level Annotations

Branches:
Dungeon (3/15)

Altars:
Okawaru


Innate Abilities, Weirdness & Mutations

You are too large for most types of armour.
You have claws for hands.
Your metabolism is lightning-fast.
You like to eat raw meat.
You heal very quickly.
You are covered in fur (AC +1).
You have very tough skin (AC +2).


Message History

Trog sends monsters to punish you. The divine experience confuses you!
You are confused. 4 polar bears and a black bear come into view.
You're too confused!
You're too confused!
The black bear rages.
The polar bear bites you!!
The polar bear claws you but does no damage.
The polar bear claws you. The polar bear bites you! The polar bear claws you!
* * * LOW HITPOINT WARNING * * *
The polar bear misses you. The polar bear barely misses you.
The polar bear closely misses you. The polar bear claws you.
* * * LOW HITPOINT WARNING * * *
The black bear barely misses you. The black bear claws you.
* * * LOW HITPOINT WARNING * * *
The black bear claws you but does no damage.
The polar bear bites you!
* * * LOW HITPOINT WARNING * * *
The polar bear barely misses you. The polar bear claws you.
You die...

#......# #.# #......#
#.# #......# #.#
#......###'#####
#..............#
#[.............#
##..............# #
#............hhh#.#####
#...........(.@........
#......###...hh##.#####
######## #.....# .#
#.....# #############
#....(# ...........+
########....#
###.........#
#...........#
#.'.........+
#...........#
#.#.........#
#...........#
#.#.........#


You could see 4 polar bears and a black bear (berserk).

Vanquished Creatures
  Ijyb (D:2)
  A worker ant (D:3)
  Robin (D:2)
  2 gnolls (D:2)
  2 adders (D:2)
  An ooze (D:1)
  A worm (D:2)
  2 giant geckos (D:1)
  2 orcs (D:2)
  5 hobgoblins
  2 jackals (D:1)
  A quokka (D:2)
  A ball python (D:1)
  A bat (D:1)
  A giant cockroach (D:1)
  6 giant newts
  12 goblins
  9 kobolds
  2 rats (D:1)
53 creatures vanquished.

Notes
Turn   | Place    | Note
--------------------------------------------------------------
     0 | D:1      | kosy22 the Troll Berserker began the quest for the Orb.
     0 | D:1      | Reached XP level 1. HP: 22/22 MP: 0/0
   198 | D:1      | Reached XP level 2. HP: 29/29 MP: 1/1
   845 | D:2      | Reached XP level 3. HP: 36/36 MP: 2/2
   866 | D:2      | Noticed Robin
   888 | D:2      | Acquired Trog's second power
   901 | D:2      | Killed Robin
  1248 | D:2      | Noticed Ijyb
  1293 | D:2      | Killed Ijyb
  1293 | D:2      | Reached XP level 4. HP: 19/45 MP: 1/3
  1551 | D:2      | Found an iron altar of Okawaru.
  1567 | D:2      | HP: 2/45 [giant newt (2)]
  1682 | D:2      | Fell from the grace of Trog
  1682 | D:2      | Became a worshipper of Warmaster Okawaru
  1815 | D:3      | Lost intelligence.
  1829 | D:3      | Found a faded altar to an unknown god.
  1883 | D:3      | Reached XP level 5. HP: 12/53 MP: 1/4
  2106 | D:3      | Noticed a black bear
  2106 | D:3      | Noticed a polar bear
  2106 | D:3      | Noticed a polar bear
  2106 | D:3      | Noticed a polar bear
  2106 | D:3      | Noticed a polar bear
  2107 | D:3      | HP: 1/53 [polar bear[the rage of Trog] (9)]
  2107 | D:3      | Slain by a polar bear

Vault maps used:
D:1:      minmay_arrival_plants_in_alcoves
D:2:      okawaru_altar_gauntlet_db, uniq_iyjb, uniq_robin
D:3:      kennysheep_goblin_castle, ecumenical_altar_1, first_bread,
          minmay_close_crescents

Action                   |  1- 3 |  4- 6 || total
-------------------------+-------+-------++-------
Melee: Unarmed           |    90 |       ||    90
       Dagger            |    63 |    64 ||   127
Invok: Berserk           |     1 |     1 ||     2
       Trog's Hand       |     1 |       ||     1
       Burn Spellbooks   |       |     1 ||     1
  Use: Scroll            |     1 |     2 ||     3
       Potion            |     1 |     2 ||     3
  Eat: Bread ration      |     2 |     1 ||     3
       Meat ration       |     1 |       ||     1
       Beef jerky        |       |     1 ||     1
